 Dungeon Crawl Stone Soup version 0.18.1-50-g88ac8fd (webtiles) character file.

237 rlgrobin the Insei (level 5, -16/41 HPs)
             Began as a Mummy Monk on Sept 15, 2016.
             Demolished by a tengu reaver
             ... wielding a cursed +0 war axe
              (26 damage)
             ... on level 1 of the Dungeon.
             The game lasted 00:07:07 (7992 turns).

rlgrobin the Insei (Mummy Monk)                     Turns: 7992, Time: 00:07:08

Health: -16/41     AC:  2    Str: 15    XL:     5   Next: 77%
Magic:  5/5        EV: 14    Int:  9    God:
Gold:   186        SH:  0    Dex: 15    Spells: 0 memorised, 4 levels left

rFire  x . .     SeeInvis .       - Unarmed
rCold  + . .     Gourm    .     (no armour)
rNeg   + + +     Faith    .     (no shield)
rPois  ∞         Spirit   .     (no helmet)
rElec  .         Dismiss  .     j - +1 cloak
rCorr  .         Reflect  .     (no gloves)
SustAt +         Harm     .     (no boots)
MR     .....                    (no amulet)
Stlth  ++........               i - ring of sustain attributes
                                (no ring)

@: not resistant to hostile enchantments, unstealthy
A: no food or potions, fire vulnerability, cold resistance 1, negative energy
resistance 3, torment resistance, unbreathing
a: no special abilities


You were on level 1 of the Dungeon.
You were not hungry.

You visited 1 branch of the dungeon, and saw 4 of its levels.

You collected 186 gold pieces.


Innate Abilities, Weirdness & Mutations

You do not eat or drink.
Your flesh is vulnerable to fire.
You are immune to poison.
Your flesh is cold resistant.
You are immune to negative energy.
You are immune to unholy pain and torment.
You can survive without breathing.


   Skills:
 - Level 3.0 Fighting
 + Level 3.9 Dodging
 - Level 1.5 Stealth
 - Level 5.0 Unarmed Combat


You had 4 spell levels left.
You didn't know any spells.

Inventory:

Armour
 j - a +1 cloak (worn)
 l - the cursed +1 scale mail "Maomp" {Str+3 Dex+4, unknown}

   It affects your strength (+3).
   It affects your dexterity (+4).
   It has a curse placed upon it.
Jewellery
 i - a ring of sustain attributes (right hand)
 m - an uncursed ring of poison resistance {unknown}
Scrolls
 a - 3 scrolls of identify (quivered) {@r1}
 b - a scroll of amnesia {unknown}
 c - a scroll of recharging {unknown}
 d - 2 scrolls of immolation {unknown}
 e - 2 scrolls of magic mapping {unknown}
 f - 3 scrolls of blinking
 g - 2 scrolls of remove curse {unknown}
 h - a scroll of teleportation {unknown}
 k - a scroll of enchant armour {unknown}
 n - a scroll of enchant weapon {unknown}

Dungeon Overview and Level Annotations

Branches:
Dungeon (4/15)             Temple (0/1) D:4

Altars:
Fedhas
Ru
The Shining One

Shops:
D:4

: .....▒ ▒.≈≈8(≈≈≈8≈≈▒ ░, ▒▒▒.▒▒
▒.#≈≈▒''▒≈≈≈▒ ░, ....▒
▒.≈≈≈▒..▒≈#≈▒ ░,
▒▒▒▒▒░░░▒▒.≈≈≈▒<.▒≈#≈▒ ░,
░░░,,,,,,..≈≈≈▒▒▒▒≈##▒ ░░░░░░░'
░,,,,,,░░░▒≈≈8≈###8≈#▒░░░░,,,,,,,
░,,,,,,░ ▒≈8≈≈#≈≈≈8≈▒,,,',,,,,,,
░,,,...▒▒▒▒≈≈≈≈#*Q≈≈≈▒,░░░,,,,,,,
░,,,...'....)▒..M....▒,░ ░,,,,,,,
░,,,...▒▒▒▒▒)▒.▒.....▒,░ ░░░░░░░░
░,,,,,,░ ▒.....▒.▒▒..▒,░
░,,,,,,░░▒.▒.▒>▒.▒▒..▒,░
,,,,,,,,...▒.▒.▒.▒...▒,░
░░░░░░░▒▒▒░▒.▒.▒.▒.▒.▒,░
░░░░░▒▒▒▒▒▒▒.▒.▒.▒.▒.▒,░
,,,,,...........)....▒,░
░░░░░░▒▒▒▒▒▒.▒.▒▒▒▒▒▒▒,░


You could see a tengu reaver and a battlesphere.


Message History

No target in view!!!
You enter the shallow water!
Found a beef jerky!
Key pressed, stopping explore!
A tengu reaver comes into view! It is wielding a war axe!
A tengu reaver is nearby!!!
A tengu reaver is nearby!!!
A hobgoblin comes into view!
Here: a tengu reaver, wielding a war axe, wearing a scale mail and wearing a shiny buckler (hasn't noticed you)
The floor!
Enter note: are you entertained
Enter note: is this why are you are here Unknown command!
The tengu reaver mumbles some strange words!
The tengu reaver conjures a globe of magical energy!!!
A BATTLESPHERE comes into view!
You enter the shallow water!
The tengu reaver hits you with a war axe!!!!!!
The tengu reaver pecks you!
The tengu reaver claws you!!! * * * don't die
* * * The tengu reaver closely misses you! x2; The tengu reaver claws you! * * * don't die
* * * Read which item? (? for menu, Esc to quit)
As you read the scroll labeled ONNERCHICOFF, it crumbles to dust!
It is a scroll of identify!
Identify which item? (\ to view known items) (? for menu, Esc to quit)
f - 3 scrolls of blinking The tengu reaver hits you with a war axe!!!!!!
DANG rip

Action                   |  1- 3 |  4- 6 || total
-------------------------+-------+-------++-------
Melee: Unarmed           |   125 |   257 ||   382
       Punch             |     1 |     8 ||     9
  Use: Scroll            |       |     1 ||     1
 Stab: Sleeping          |     6 |     4 ||    10
       Distracted        |     1 |       ||     1
Armor: Skin              |       |    21 ||    21
Dodge: Dodged            |    68 |   153 ||   221

Vault maps used:
D:1:      lightli_arrival_boilingwater
D:2:      minmay_hedge_maze
D:3:      fedhas_altar_3, nicolae_ru_sacrificial_ziggurat
D:4:      tso_oasis_becter, minmay_temple_entry_glass, serial_shops,
          nicolae_shop_statue_plus, minmay_goblin_kobold_house

Notes
Turn   | Place    | Note
--------------------------------------------------------------
     0 | D:1      | rlgrobin the Mummy Monk began the quest for the Orb.
     0 | D:1      | Reached XP level 1. HP: 18/18 MP: 1/1
   640 | D:1      | Reached XP level 2. HP: 21/24 MP: 2/2
  1291 | D:2      | Reached skill level 4 in Unarmed Combat
  1616 | D:2      | Reached XP level 3. HP: 29/29 MP: 3/3
  2107 | D:2      | Reached XP level 4. HP: 35/35 MP: 4/4
  2841 | D:3      | Found a sacrificial altar of Ru.
  3303 | D:3      | Reached skill level 5 in Unarmed Combat
  3397 | D:3      | Found a blossoming altar of Fedhas.
  3503 | D:3      | HP: 3/35 [rat (3)]
  4270 | D:4      | Found Ipsaext's Book Shoppe.
  4324 | D:4      | Reached skill level 3 in Dodging
  4324 | D:4      | Reached XP level 5. HP: 29/41 MP: 5/5
  4413 | D:4      | Found a staircase to the Ecumenical Temple.
  4442 | D:4      | Got an ancient scale mail
  4606 | D:4      | Found a glowing golden altar of the Shining One.
  7976 | D:1      | Noticed a tengu reaver
  7977 | D:1      | are you entertained
  7977 | D:1      | is this why are you are here
  7992 | D:1      | Demolished by a tengu reaver

Vanquished Creatures
  A hound (D:4)
  A worker ant (D:4)
  7 adders
  A howler monkey skeleton (D:4)
  An adder skeleton (D:4)
  3 giant geckos
  6 orcs (D:4)
  4 giant cockroaches
  9 goblins
  13 hobgoblins
  12 jackals
  4 quokkas
  3 bats
  6 giant newts
  10 kobolds
  9 rats
90 creatures vanquished.
